AoeStats
← Khirs

African Clearing

506156195Analyzed
4v4 RM · 20d ago on Sep 12, 2026· 49m 14s· 8 players
Game mode
Random Map
Map size
Large (8 player)
Population
200
Speed
Normal
Resources
Standard
Victory
Conquest
Starting age
Dark Age
Ending age
Imperial Age
RankedLock teamsTeams togetherTeam positionsShared explorationLock speedFull tech treeHidden civsTurbo modeCheats
Victory
Defeat
🇬🇧 Persians · United Kingdom
960
+13
🇳🇱 Bohemians · Netherlands
914
+15
🇸🇪 Mongols · Sweden
851
+18
🇺🇸 Huns · United States
836
+18
🇪🇸 Inca · Spain
907
-17
🇵🇪 Cumans · Peru
893
-16
🇺🇸 Mongols · United States
884
-16
🇨🇦 Mapuche · Canada
875
-15
Fat Asian Dude
12:42 Feudal Age
13:47 Double-Bit Axe
14:40 Wheelbarrow
15:52 Horse Collar
21:02 Castle Age
22:07 Bow Saw
26:41 Gold Mining
26:42 Stone Mining
27:24 Hand Cart
32:11 Fletching
37:13 Padded Archer Armor
37:49 Heavy Plow
38:09 Bodkin Arrow
39:33 Leather Archer Armor
41:40 Husbandry
41:50 Bloodlines
46:12 Imperial Age
45:36 Leather Archer Armor
45:56 Forging
45:52 Scale Barding Armor
48:13 Bracer
Hobilar
3:41 Loom
15:57 Feudal Age
22:05 Castle Age
22:43 Pikeman
23:46 Elite Skirmisher
32:16 Wheelbarrow
36:33 Double-Bit Axe
40:00 Hand Cart
42:33 Treadmill Crane
42:51 Murder Holes
45:02 Bow Saw
46:17 Fletching
46:48 Ballistics
46:55 Masonry
47:06 Gold Mining
48:39 Gold Shaft Mining
48:47 Malon
asaenzb16_1
5:18 Loom
13:11 Feudal Age
14:34 Wheelbarrow
13:53 Double-Bit Axe
19:54 Fishing Lines
25:08 Fletching
29:42 Castle Age
28:37 Gold Mining
29:03 Scale Barding Armor
29:08 Forging
32:21 Castle Age
30:57 Bloodlines
33:32 Hand Cart
34:00 Chain Barding Armor
35:35 Bow Saw
37:41 Stone Mining
38:27 Gold Shaft Mining
37:39 Horse Collar
44:08 Imperial Age
41:38 Bodkin Arrow
41:45 Padded Archer Armor
42:21 Iron Casting
42:16 Town Watch
45:12 Town Patrol
45:50 Plate Barding Armor
44:40 Elite Steppe Lancer
44:50 Light Cavalry
48:39 Blast Furnace
Khirs
7:57 Loom
16:43 Feudal Age
18:04 Wheelbarrow
17:21 Double-Bit Axe
18:14 Horse Collar
29:25 Castle Age
28:32 Padded Archer Armor
29:25 Fletching
30:06 Bodkin Arrow
29:39 Elite Skirmisher
33:07 Leather Archer Armor
33:12 Bow Saw
33:45 Stone Mining
34:05 Heavy Plow
33:49 Pikeman
39:36 Andean Sling
43:01 Imperial Age
41:23 Forging
41:50 Squires
42:27 Scale Mail Armor
43:33 Thumb Ring
44:14 Conscription
43:58 Fabric Shields
44:58 Hand Cart
44:55 Halberdier
46:53 Chain Mail Armor
46:40 Bracer
47:30 Crop Rotation
46:52 Gold Mining
48:25 Iron Casting
48:54 Plate Mail Armor
48:02 Champi Runner
48:54 Champi Warrior
112143
5:05 Loom
16:38 Feudal Age
18:09 Double-Bit Axe
21:55 Castle Age
19:41 Horse Collar
20:50 Wheelbarrow
23:56 Bow Saw
23:50 Heavy Plow
24:07 Hand Cart
23:41 Town Watch
30:57 Husbandry
31:08 Bloodlines
31:07 Scale Barding Armor
31:12 Forging
32:07 Gold Mining
32:09 Stone Mining
32:42 Chain Barding Armor
32:26 Marauders
32:32 Squires
38:28 Ballistics
38:46 Iron Casting
38:03 Fletching
41:01 Imperial Age
41:32 Bodkin Arrow
42:19 Gold Shaft Mining
41:34 Elite Tarkan
44:01 Plate Barding Armor
44:27 Blast Furnace
44:15 Bracer
48:13 Padded Archer Armor
48:22 Thumb Ring
48:43 Parthian Tactics
necca
17:02 Feudal Age
17:02 Man-at-Arms
17:28 Arson
17:48 Gold Mining
19:10 Forging
19:05 Scale Barding Armor
19:09 Scale Mail Armor
21:29 Wheelbarrow
20:57 Stone Mining
30:46 Castle Age
32:27 Gold Shaft Mining
32:27 Stone Shaft Mining
32:10 Hand Cart
32:59 Double-Bit Axe
32:57 Horse Collar
34:17 Bow Saw
39:55 Imperial Age
37:51 Heavy Plow
40:39 Iron Casting
40:09 Scale Barding Armor
40:07 Husbandry
40:17 Bloodlines
39:57 Elite War Elephant
40:59 Conscription
40:02 Elite War Elephant
40:53 Citadels
44:03 Blast Furnace
43:24 Chain Barding Armor
43:32 Ballistics
44:12 Chemistry
43:22 Masonry
43:17 Murder Holes
44:22 Chemistry
45:53 Two-Man Saw
willem.goossenss
10:12 Loom
14:36 Feudal Age
18:42 Castle Age
16:43 Double-Bit Axe
18:27 Horse Collar
21:15 Chemistry
Gotha
8:29 Loom
13:26 Feudal Age
16:09 Horse Collar
21:02 Castle Age
19:34 Double-Bit Axe
20:58 Stone Mining
26:05 Fletching
26:16 Gold Mining
26:30 Heavy Plow
26:44 Thumb Ring
26:57 Padded Archer Armor
31:54 Bodkin Arrow
33:23 Wheelbarrow
36:28 Imperial Age
34:47 Leather Archer Armor
34:54 Ballistics
36:49 Hand Cart
37:51 Conscription
36:52 Elite Mangudai
37:36 Bracer
37:28 Town Watch
38:06 Husbandry
38:17 Bloodlines
40:04 Chemistry
40:07 Parthian Tactics
40:48 Masonry
40:47 Nomads
40:45 Onager
42:11 Siege Onager
46:27 Siege Engineers
Connection lost

Rejoining the realm…

Still unreachable

The connection could not be restored.

Session expired

The server has moved on; the page needs a fresh start.